 Dungeon Crawl Stone Soup version 0.31.0-32-g396128a36d (webtiles) character file.

Game seed: 13001936746256508619

83 PaiMei the Grave Robber (level 4, -1/32 HPs)
             Began as a Demonspawn Necromancer on Apr 22, 2024.
             Killed from afar by an orc wizard (7 damage)
             ... with a magic dart
             ... on level 3 of the Dungeon.
             The game lasted 00:05:36 (2636 turns).

PaiMei the Grave Robber (Demonspawn Necromancer)    Turns: 2636, Time: 00:05:36

Health: -1/32      AC:  0    Str:  9    XL:     4   Next: 22%
Magic:  5/8        EV: 12    Int: 17    God:
Gold:   79         SH:  0    Dex: 13    Spells: 7/8 levels left

rFire   . . .        p - +3 war axe
rCold   . . .        (no shield)
rNeg    . . .        (no body armour)
rPois   .            (no helmet)
rElec   .            (no cloak)
rCorr   .            (no gloves)
SInv    .            (no boots)
Will    .....        (no amulet)
Stlth   ++           (no ring)
HPRegen 0.25/turn    (no ring)
MPRegen 0.11/turn

%: no passive effects
@: mighty
A: powered by pain 1, sturdy frame 1
a: no special abilities


You were on level 3 of the Dungeon.
You visited 1 branch of the dungeon, and saw 3 of its levels.

You collected 79 gold pieces.

Inventory:

Hand Weapons
 d - a +0 dagger
 e - a +0 flail
 p - a +3 war axe (weapon)
Armour
 a - a +0 robe
 h - the +2 leather armour of Limited Liability {Regen+ Int-3 Dex+3 SInv}
   (You found it on level 2 of the Dungeon)

   Int-3:     It affects your intelligence (-3).
   Dex+3:     It affects your dexterity (+3).
   SInv:      It lets you see invisible.
   Regen+:    It increases your rate of health regeneration.
 n - the +16 plate armour of Syladoc {rElec}
   (You found it on level 3 of the Dungeon)

   rElec:     It insulates you from electricity.
Jewellery
 j - a ring of protection from cold
Wands
 m - a wand of iceblast (2)
Scrolls
 c - 3 scrolls of revelation {unknown}
 i - a scroll of amnesia {unknown}
 k - 2 scrolls of identify {unknown}
 l - a scroll of poison {unknown}
 o - 2 scrolls of teleportation {unknown}
Potions
 b - a potion of magic
 f - a potion of heal wounds {unknown}
 g - a potion of lignification {unknown}


   Skills:
 + Level 1.1 Fighting
 + Level 2.5 Dodging
 - Level 2.2 Stealth
 + Level 2.7 Spellcasting
 + Level 4.9 Necromancy


You had 7 spell levels left.
You knew the following spells:

 Your Spells              Type           Power      Damage    Failure   Level
a - Necrotise             Necr           76%        1d7       2%          1

Your spell library contained the following spells:

 Spells                   Type           Power      Damage    Failure   Level
 Vampiric Draining        Necr           19%        2d7       7%          3
 Freeze                   Ice            8%         1d3       19%         1
 Animate Dead             Necr           19%        N/A       24%         4
 Frozen Ramparts          Ice            4%         1d1       47%         3
 Hailstorm                Conj/Ice       2%         3d5       47%         3
 Curse of Agony           Necr           19%        N/A       54%         5


Dungeon Overview and Level Annotations

Branches:
Dungeon (3/15)

Altars:

Shops:
D:1 [?(*?

Annotations:
D:2 Sigmund
D:3 Pargi


Innate Abilities, Weirdness & Mutations

You sometimes gain a little power by taking damage.
Your movements are slightly less encumbered by armour. (ER -2)


Message History

You swap places.
You see here a boomerang.
You start resting.
Something hits your goblin skeleton.
You swap places.
Something hits your goblin skeleton.
You swap places.
Your goblin skeleton barely misses the orc wizard.
You swap places.
The orc wizard hits your goblin skeleton with a +0 dagger.
Your goblin skeleton barely misses the orc wizard.
You swap places.
Something hits you. The orc wizard casts a spell at you.
The puff of flame misses you.
The puff of flame hits your orc skeleton!
Your orc skeleton is destroyed!
You see here a boomerang.
You hit the orc wizard.
The orc wizard is almost dead.
The orc wizard barely misses you. Something hits you. x2
The orc wizard casts a spell.
The orc wizard flickers and vanishes!
You hear an angry hiss.
Casting: Necrotise (safe; 2% risk of failure)
Confirm with . or Enter, or press ? or * to list all spells.
You can't see any susceptible monsters within range! (Use Z to cast anyway.)
Casting: Necrotise (safe; 2% risk of failure)
Confirm with . or Enter, or press ? or * to list all spells.
You don't know that spell.
Casting: Necrotise (safe; 2% risk of failure)
Confirm with . or Enter, or press ? or * to list all spells.
Aiming: Necrotise (safe; 2% risk of failure)
Press: ? - help, Shift-Dir - straight line Something writhes in agony.
Something hits you. x2
* * * LOW HITPOINT WARNING * * *
You miss something.
An adder comes into view.
You hear some strange, mumbled words.
A magic dart appears from out of thin air!
The magic dart hits you!
You die...

#. ...# .# ###.... ..
o....# ## #. ..... ...
#. ...#
###..#.#?..#.##
....$#........{ ...
#..S.{######### ...
.....#.#@.......###..⌠
⌠. ... #..Z....##.#.#
..... . ###.###..#.#.#
##.##
#......#'#.###....
#####............. #.
................. .
#####............ #.
#..........>. #.. ##
#............


You could see an adder and a friendly goblin skeleton.

Vanquished Creatures
  A gnoll (D:1)
  3 dart slugs
  3 ribbon worms
  2 orcs (D:3)
  3 endoplasms
  3 giant cockroaches
  4 goblins
  5 hobgoblins
  2 quokkas
  3 ball pythons
  7 bats
  3 frilled lizards
  6 kobolds
  7 rats
52 creatures vanquished.

Vanquished Creatures (collateral kills)
  A bat (D:2)
  An endoplasm (D:1)
  2 goblins (D:1)
  A ball python (D:1)
5 creatures vanquished.

Grand Total: 57 creatures vanquished

Notes
Turn   | Place    | Note
-------+----------+-------------------------------------------
     0 | D:1      | PaiMei the Demonspawn Necromancer began the quest for the
                  | Orb.
     0 | D:1      | Reached XP level 1. HP: 13/13 MP: 3/3
   214 | D:1      | Gained mutation: Your movements are slightly less
                  | encumbered by armour. (ER -2) [demonic ancestry]
   214 | D:1      | Reached XP level 2. HP: 19/19 MP: 0/5
   634 | D:1      | Gained mutation: You sometimes gain a little power by
                  | taking damage. [demonic ancestry]
   634 | D:1      | Reached XP level 3. HP: 24/24 MP: 1/6
   809 | D:1      | Found Heemeuxe's General Store.
   946 | D:1      | Found Kyudais's Magic Scroll Shoppe.
   951 | D:1      | Found Omeg's Antique Armour Emporium.
   988 | D:1      | Found Suamon's Antique Weapon Shoppe.
  1135 | D:1      | Found Wyogazeh's Magic Scroll Shop.
  1275 | D:1      | Found a faded altar of an unknown god.
  1346 | D:2      | Identified the +2 leather armour of Limited Liability
                  | {Regen+ Int-3 Dex+3 SInv}
  1606 | D:2      | Reached skill level 1 in Fighting
  1620 | D:2      | Reached XP level 4. HP: 29/32 MP: 3/7
  1695 | D:2      | Noticed Sigmund
  2222 | D:3      | Identified the +16 plate armour of Syladoc {rElec}
  2400 | D:3      | Noticed Pargi
  2636 | D:3      | Killed from afar by an orc wizard

Illustrated notes

Levels and vault maps discovered:
D:1:      lightli_arrival_statuegarden, layout_rooms, serial_shops,
          nicolae_square_shop, nicolae_shop_waterfront, shop,
          nicolae_shop_behind_doors, shop,
          dreamdust_ecumenical_altar_angels_and_demons, nicolae_wormholes
D:2:      layout_rooms, reono_crystal_passage, uniq_sigmund
D:3:      layout_basic, palyth_temple_overflow_mages, uniq_pargi

Skill      XL: |  1  2  3 |
---------------+----------+-----
Stealth        | 2 |  2.2
Dodging        | 2 |  2.5
Fighting       | 1 |  1.1
Spellcasting   | |  2.7
Necromancy     | |  4.9

Action                     |  1- 3 |  4- 6 || total
---------------------------+-------+-------++-------
  Melee: Unarmed           |     3 |       ||     3
         Flail             |    17 |     4 ||    21
         Dagger            |     3 |       ||     3
         War axe           |       |     2 ||     2
   Cast: Necrotise         |    63 |    22 ||    85
 Armour: Robe              |    18 |       ||    18
         Skin              |     6 |    10 ||    16
  Dodge: Dodged            |    36 |     7 ||    43
